 Dungeon Crawl Stone Soup version 0.31-a0-236-g9a0961fb85 (webtiles) character file.

Game seed: 15519479862194353827

865 qw the Shooter (level 8, -7/48 HPs)
             Began as a Gargoyle Hexslinger on July 10, 2023.
             Was an Initiate of Okawaru.
             Mangled by a troll (11 damage)
             ... on level 5 of the Dungeon.
             The game lasted 00:01:29 (3127 turns).

qw the Shooter (Gargoyle Hexslinger)                Turns: 3127, Time: 00:01:30

Health: -7/48      AC:  9    Str: 11    XL:     8   Next: 3%
Magic:  9/9        EV: 12    Int: 15    God:    Okawaru [......]
Gold:   204        SH:  0    Dex: 14    Spells: 8/9 levels left

rFire   . . .        Y - +4 sling (heavy)
rCold   . . .        (no shield)
rNeg    + . .        g - +2 robe {Will+}
rPois   inf          (no helmet)
rElec   +            (no cloak)
rCorr   .            (no gloves)
SInv    .            (no boots)
Will    +....        (no amulet)
Stlth   +            (no ring)
HPRegen 0.28/turn    (no ring)
MPRegen 0.11/turn

%: no passive effects
@: about to teleport
A: sickness immunity, AC +5, negative energy resistance 1, electricity
resistance, torment resistance 1, petrification resistance
a: Renounce Religion


You were on level 5 of the Dungeon.
You worshipped Okawaru.
Okawaru was noncommittal.
You visited 2 branches of the dungeon, and saw 6 of its levels.

You collected 204 gold pieces.


Innate Abilities, Weirdness & Mutations

You are immune to sickness and miasma.
Your stone body is resilient. (AC +5)
You are immune to poison.
You resist negative energy. (rN+)
You are resistant to electric shocks. (rElec)
You are resistant to unholy torment.
You are immune to petrification.


   Skills:
 - Level 4.0 Fighting
 + Level 7.6 Ranged Weapons
 - Level 3.1 Armour
 - Level 1.5 Dodging
 - Level 1.0 Spellcasting
 - Level 2.6 Hexes


You had 8 spell levels left.
You knew the following spells:

 Your Spells              Type           Power      Damage    Failure   Level
a - Slow                  Hex            32%        N/A       9%          1

Your spell library contained the following spells:

 Spells                   Type           Power      Damage    Failure   Level
 Inner Flame              Hex/Fire       4%         N/A       38%         3
 Portal Projectile        Hex/Tloc       8%         N/A       38%         3
 Cause Fear               Hex            4%         N/A       63%         4

Inventory:

Hand Weapons
 Y - a +4 heavy sling (weapon)
Armour
 g - a +2 robe of willpower (worn)
Scrolls
 f - 2 scrolls of teleportation
 j - a scroll of identify
Potions
 a - a potion of curing
 b - a potion of haste
 c - a potion of lignification {unknown}
 d - a potion of might {unknown}
 e - a potion of enlightenment {unknown}

Dungeon Overview and Level Annotations

Branches:
Dungeon (5/15)             Temple (1/1) D:5

Altars:
Ashenzari
Elyvilon
Fedhas
Hepliaklqana
Kikubaaqudgha
Makhleb
Nemelex Xobeh
Okawaru
Qazlal
Ru
Sif Muna
Trog
Vehumet
Wu Jian
Yredelemnul
Zin
The Shining One

Annotations:
D:5 2 runed translucent doors


Message History

The hound is lightly wounded.
The hound misses you. The hound bites you but does no damage.
You shoot a sling bullet. The sling bullet hits the hound.
The hound is heavily wounded.
The hound bites you but does no damage. x2
You shoot a sling bullet.
The sling bullet closely misses the hound.
The hound bites you. The hound bites you but does no damage.
The hound closely misses you.
You shoot a sling bullet. The sling bullet hits the hound!
The hound is almost dead.
The hound barely misses you. The hound bites you.
You shoot a sling bullet.
The sling bullet closely misses the hound.
The hound bites you but does no damage. The hound barely misses you.
You shoot a sling bullet.
The sling bullet closely misses the hound.
The hound barely misses you. The hound bites you but does no damage.
You shoot a sling bullet.
The sling bullet barely misses the troll.
The troll bites you. The troll barely misses you. x2
The iguana hisses menacingly.
You shoot a sling bullet.
The sling bullet barely misses the troll.
The troll misses you. The troll claws you.
The troll claws you but does no damage. The troll bites you.
The troll claws you! The troll barely misses you.
You shoot a sling bullet.
The sling bullet barely misses the troll.
The troll bites you. The troll completely misses you. The troll claws you!
You shoot a sling bullet. The sling bullet hits the troll.
The troll is lightly wounded.
The troll bites you! The troll claws you. The troll closely misses you.
The troll misses you. The troll barely misses you.
The troll claws you but does no damage.
3127 ||| READING 3 scrolls of teleportation.
As you read the scroll of teleportation, it crumbles to dust.
You feel strangely unstable. The troll bites you!
You die...

...###...)._#. #.#
#..##...)#..#.####.##
#.##.....####.#.....#
#.##.}.}.#..#...###'# ...
......}..)._#..##...# #..
)#.#.}.}.#..#..#.#.## #..
.###.....####..#.##.# #..
## ##....#..#..#.#)## #..
.# ##...)._##.#@### #.. .#
##..#..##.##Thl.#### ##..
.##
########..######..######...
..###
#.#####................#.
..>.#
....####.....##########.
.##.#
#..#...........#####..
..#.# #...#..#..###..#....#
#.#.###
##.....#...###...####
.#...# ##.....###.....#.##


You could see a troll, an iguana and a hound.

Vanquished Creatures
  2 ice beasts (D:5)
  An ogre (D:4)
  2 phantoms (D:4)
  2 scorpions (D:4)
  An iguana (D:5)
  5 orc wizards (D:5)
  4 gnolls (D:5)
  5 adders
  An ufetubus (D:5)
  2 dart slugs
  9 orcs
  5 ball pythons
  5 bats
  6 endoplasms
  8 giant cockroaches
  4 goblins
  9 hobgoblins
  6 kobolds
  5 quokkas
  4 frilled lizards (D:1)
  6 rats
92 creatures vanquished.

Vanquished Creatures (others)
  An orc wizard (D:5)
1 creature vanquished.

Grand Total: 93 creatures vanquished

Notes
Turn   | Place    | Note
-------+----------+-------------------------------------------
     0 | D:1      | qw the Gargoyle Hexslinger began the quest for the Orb.
     0 | D:1      | Reached XP level 1. HP: 12/12 MP: 2/2
     0 | D:1      | 0 ||| qw: Version: 0.3-a-51-g015441d
     0 | D:1      | 0 ||| qw: Game counter: 4492
     0 | D:1      | 0 ||| qw: Melee chars always use a shield: true
     0 | D:1      | 0 ||| qw: God list: Okawaru
     0 | D:1      | 0 ||| qw: Allow faded altars: false
     0 | D:1      | 0 ||| qw: Do Orc after clearing Dungeon:15 true
     0 | D:1      | 0 ||| qw: Do second Lair branch before Depths: true
     0 | D:1      | 0 ||| qw: Lair rune preference: random
     0 | D:1      | 0 ||| qw: Goals: Normal
     0 | D:1      | 0 ||| PLANNING D:1-11
    91 | D:1      | Reached XP level 2. HP: 16/16 MP: 3/3
   164 | D:1      | Reached skill level 3 in Ranged Weapons
   467 | D:1      | Reached XP level 3. HP: 21/21 MP: 4/4
   708 | D:1      | 708 ||| UPGRADING to +0 ring mail.
   718 | D:1      | 718 ||| DROPPING +0 robe.
   719 | D:1      | 719 ||| DROPPING +6 ring of intelligence.
   720 | D:1      | 720 ||| READING scroll labelled LASYNA QI LAIVAKH.
   721 | D:1      | 721 ||| READING scroll labelled IRUFREOQOMEA.
   722 | D:1      | 722 ||| READING scroll labelled LURUTI TEOXAL.
   727 | D:1      | 727 ||| READING 5 scrolls labelled EKLYSU ETAY.
   728 | D:1      | 728 ||| READING scroll labelled FOIHEON WINA.
   729 | D:1      | 729 ||| READING scroll labelled IDICSA CIMEITA.
   730 | D:1      | 730 ||| READING 2 scrolls labelled KUDUCA IRGHISIH.
   731 | D:1      | 731 ||| DRINKING 2 bubbling yellow potions.
   732 | D:1      | 732 ||| READING 4 scrolls of identify.
   732 | D:1      | 732 ||| IDENTIFYING inky potion
   733 | D:1      | 733 ||| READING 3 scrolls of identify.
   733 | D:1      | 733 ||| IDENTIFYING brown potion
   734 | D:1      | 734 ||| DROPPING scroll of poison.
   735 | D:1      | 735 ||| DROPPING potion of brilliance.
   736 | D:1      | 736 ||| DROPPING scroll of fear.
   737 | D:1      | 737 ||| DROPPING potion of degeneration.
   833 | D:2      | 833 ||| READING scroll of enchant weapon.
   833 | D:2      | 833 ||| ENCHANTING +2 sling.
  1095 | D:2      | 1095 ||| READING scroll labelled CESHRI ERYRCHE.
  1136 | D:3      | 1136 ||| READING scroll of enchant weapon.
  1136 | D:3      | 1136 ||| ENCHANTING +3 sling.
  1232 | D:3      | Found a sacrificial altar of Ru.
  1305 | D:3      | Reached XP level 4. HP: 25/26 MP: 5/5
  1443 | D:3      | Found a faded altar of an unknown god.
  1455 | D:3      | Reached skill level 4 in Ranged Weapons
  1694 | D:3      | 1694 ||| READING 4 scrolls of identify.
  1694 | D:3      | 1694 ||| IDENTIFYING grey potion
  1695 | D:3      | 1695 ||| DROPPING potion of ambrosia.
  1713 | D:4      | Noticed a phantom
  1750 | D:4      | Killed a phantom
  1751 | D:4      | Reached skill level 3 in Armour
  1751 | D:4      | Reached XP level 5. HP: 21/30 MP: 6/6
  1888 | D:4      | Noticed a phantom
  1899 | D:4      | Killed a phantom
  1900 | D:4      | Reached skill level 5 in Ranged Weapons
  1900 | D:4      | Reached XP level 6. HP: 35/35 MP: 7/7
  1990 | D:4      | Reached skill level 3 in Fighting
  2010 | D:4      | Reached skill level 6 in Ranged Weapons
  2010 | D:4      | Reached XP level 7. HP: 41/41 MP: 8/8
  2167 | D:4      | 2167 ||| READING scroll labelled KYOFFO REITRO.
  2168 | D:4      | 2168 ||| READING 3 scrolls of identify.
  2168 | D:4      | 2168 ||| IDENTIFYING bubbling sapphire potion
  2169 | D:4      | 2169 ||| READING 2 scrolls of identify.
  2169 | D:4      | 2169 ||| IDENTIFYING sapphire potion
  2170 | D:4      | 2170 ||| DROPPING potion of attraction.
  2177 | D:5      | Entered Level 5 of the Dungeon
  2192 | D:5      | HP: 10/41 [gnoll/+0 whip (4)]
  2193 | D:5      | 2193 ||| DRINKING 2 potions of heal wounds.
  2198 | D:5      | HP: 9/41 [gnoll/+0 club (2)]
  2198 | D:5      | HP: 2/41 [gnoll/+0 spear (5)]
  2199 | D:5      | 2199 ||| DRINKING potion of heal wounds.
  2203 | D:5      | HP: 8/42 [gnoll/+0 spear (3)]
  2419 | D:5      | Found a glowing golden altar of the Shining One.
  2419 | D:5      | Found a white marble altar of Elyvilon.
  2420 | D:5      | Found a glowing silver altar of Zin.
  2542 | D:5      | Found a shimmering blue altar of Sif Muna.
  2578 | D:5      | HP: 9/43 [something (2)]
  2709 | D:5      | Found an ancient bone altar of Kikubaaqudgha.
  2718 | D:5      | Found a radiant altar of Vehumet.
  2784 | D:5      | Found a staircase to the Ecumenical Temple.
  2785 | D:5      | 2785 ||| PLANNING TEMPLE
  2785 | D:5      | 2785 ||| UPGRADING to +2 robe of willpower.
  2795 | D:5      | 2795 ||| DROPPING +0 ring mail.
  2809 | Temple   | Entered the Ecumenical Temple
  2903 | Temple   | 2903 ||| PLANNING OKAWARU WORSHIP
  2968 | Temple   | Became a worshipper of Warmaster Okawaru
  2969 | Temple   | 2969 ||| PLANNING D:1-11
  3056 | D:5      | Reached skill level 7 in Ranged Weapons
  3069 | D:5      | Found a large runed translucent door.
  3069 | D:5      | Found a large runed translucent door.
  3072 | D:5      | 3072 ||| READING 2 scrolls of identify.
  3072 | D:5      | 3072 ||| IDENTIFYING dark potion
  3079 | D:5      | Reached XP level 8. HP: 42/48 MP: 9/9
  3115 | D:5      | Noticed a troll
  3126 | D:5      | HP: 7/48 [troll (15)]
  3127 | D:5      | 3127 ||| READING 3 scrolls of teleportation.
  3127 | D:5      | Mangled by a troll

Levels and vault maps discovered:
D:1:      lightli_arrival_farm, layout_loops_ring
D:2:      layout_rooms, nrook_campfire
D:3:      layout_basic, mainiacjoe_overflow_concentric_impassable,
          shapermc_ecumenical_altar_notcrosses, minmay_fountain_box,
          kennysheep_another_room
D:4:      layout_rooms
D:5:      layout_rooms, dreamdust_divine_triumvirate,
          palyth_temple_overflow_mages, minmay_temple_entry_tees,
          minmay_hollow_rounded_squares
Temple:   hellmonk_temple_flake

Skill      XL: |  1  2  3  4  5  6  7 |
---------------+----------------------+-----
Ranged Weapons | 3 4 5 6 7 |  7.6
Fighting       | 2 3 4 |  4.0
Armour         | 3 |  3.1
Dodging        | |  1.5
Spellcasting   | |  1.0
Hexes          | |  2.6

Action                     |  1- 3 |  4- 6 |  7- 9 || total
---------------------------+-------+-------+-------++-------
   Fire: Sling             |   114 |   104 |   112 ||   330
    Use: Scroll            |    12 |     1 |     5 ||    18
         Potion            |     1 |       |     2 ||     3
 Armour: Robe              |     3 |       |    24 ||    27
         Ring mail         |     3 |    32 |   106 ||   141
  Dodge: Dodged            |    19 |    33 |    69 ||   121

Table legend:
 A = Non-vault XP
 B = Vault XP
 C = Vault XP percentage of total XP
 D = Non-vault monster count
 E = Vault monster count
 F = Vault count percentage of total count
                 A         B        C        D         E       F
            +---------+---------+-------+---------+---------+-------
      Total |     903 |     334 |  27.0 |      83 |      10 |  10.8
            +---------+---------+-------+---------+---------+-------
        D:1 |      50 |       0 |   0.0 |      30 |       0 |   0.0
        D:2 |      11 |       0 |   0.0 |       6 |       0 |   0.0
        D:3 |      47 |       0 |   0.0 |      15 |       0 |   0.0
        D:4 |     540 |       0 |   0.0 |      19 |       0 |   0.0
        D:5 |     255 |     334 |  56.7 |      13 |      10 |  43.5
            +---------+---------+-------+---------+---------+-------
